Map: Ever Dream LE

Players

Marx - Winner!

  • Race: Zerg Zerg
  • League: Diamond
  • Spawn Location: 1:00

Jungaphitus

  • Race: Zerg Zerg
  • League: Diamond
  • Spawn Location: 7:00

VOD

Have the link to the VOD?

Description

Time

  • Played on: Aug. 2, 2020, 4:09 p.m.
  • Length: 5:46
Show
View Real Time Build Order
Export as new Build Order

Marx Zerg - Winner!

Build Orders: Hatch First 

Get SALT Encoding   

  12  0:00  Drone  
  13  0:13  Overlord  
  13  0:18  Drone  
  14  0:31  Drone x2  
  14  0:35  Drone  
  17  0:54  Hatchery, Drone  
  17  0:57  Drone  
  18  1:08  Extractor  
  17  1:13  Spawning Pool  
  17  1:15  Drone  
  17  1:19  Drone  
  18  1:28  Drone  
  19  1:39  Drone  
  20  1:49  Overlord  
  20  2:00  Queen  
  22  2:09  Zergling x4  
  22  2:10  Queen  
  22  2:11  Drone  
  22  2:12  Metabolic Boost  
  27  2:17  Evolution Chamber  
  27  2:19  Drone  
  27  2:25  Drone  
  27  2:29  Drone  
  29  2:35  Drone  
  30  2:40  Drone  
  31  2:46  Drone  
  31  2:49  Zerg Melee Weapons Level 1  
  32  2:53  Queen  
  34  2:59  Drone  
  34  3:00  Drone, Overlord  
  36  3:07  Extractor  
  36  3:08  Extractor, Drone  
  36  3:10  Drone  
  38  3:15  Baneling Nest  
  38  3:20  Zergling x8  
  38  3:22  Drone  
  38  3:26  Zergling x2  
  43  3:28  Overlord  
  43  3:37  Overlord  
  43  3:39  Drone  
  44  3:54  Drone x4  
  48  4:01  Zergling x8  
  52  4:04  Overlord  
  52  4:05  Overlord  
  52  4:11  Overlord  
  52  4:21  Overlord  
  52  4:23  Overlord  
  52  4:24  Zergling x4  
  54  4:35  Zergling x12  
  54  4:37  Baneling x3  
  54  4:38  Zergling x2, Baneling x2  
  60  4:50  Zergling x4  
  60  4:57  Zergling x4  
  62  5:06  Zergling x6  
  61  5:10  Zergling x2  
  61  5:12  Zergling x2  
  63  5:21  Baneling x4  
  62  5:22  Zergling x4  
  62  5:26  Baneling  
  62  5:28  Baneling x5  
  61  5:29  Zergling x4  
Show
View Real Time Build Order
Export as new Build Order

Jungaphitus Zerg 

Build Orders: Hatch First 

Get SALT Encoding   

  12  0:02  Drone  
  13  0:13  Overlord  
  13  0:16  Drone  
  14  0:37  Drone  
  14  0:38  Drone x2  
  17  0:58  Hatchery  
  17  1:04  Drone x2  
  17  1:06  Extractor  
  17  1:19  Spawning Pool  
  17  1:20  Drone  
  17  1:22  Drone  
  18  1:31  Drone  
  19  2:07  Zergling x2  
  19  2:08  Zergling x2  
  21  2:09  Queen  
  21  2:10  Queen  
  21  2:12  Drone  
  21  2:13  Drone  
  27  2:35  Metabolic Boost  
  27  2:38  Drone  
  27  2:39  Overlord  
  27  2:41  Overlord  
  28  2:58  Drone x5  
  33  3:13  Pneumatized Carapace  
  33  3:24  Zergling x4  
  33  3:25  Zergling x10  
  38  4:09  Baneling Nest  
  37  4:26  Evolution Chamber  
  37  4:28  Evolution Chamber  
  34  4:35  Queen  
  34  4:36  Roach Warren  
  34  4:38  Overlord x3  
  33  5:01  Zergling x2  
  33  5:02  Zergling x2  
  33  5:03  Zergling x18  
  38  5:16  Roach x4  
Tags
 
Add a new tag
Caveats
  • Supply blocks, unpowered buildings, or Contaminate may cause inaccurate times.
  • Supply counts are checked every 10 seconds.